 Dungeon Crawl Stone Soup version 0.29-a0-1065-g47a6bb87d6 (webtiles) character file.

Game seed: 6398358583550417318

308 SensoryNuts the Cutter (level 6, 0/47 HPs)
             Began as a Vampire Gladiator on Aug 18, 2022.
             Slain by a mummy (14 damage)
             ... in an ossuary.
             The game lasted 00:04:47 (3153 turns).

SensoryNuts the Cutter (Vampire Gladiator)          Turns: 3153, Time: 00:04:48

Health: 0/47       AC: 11    Str: 15    XL:     6   Next: 17%
Magic:  6/6        EV:  5    Int: 11    God:
Gold:   246        SH:  0    Dex: 15    Spells: 5/5 levels left

rFire   . . .      SeeInvis +   a - +1 rapier
rCold   . . .      Faith    .   (no shield)
rNeg    . . .      Spirit   .   m - +0 plate armour
rPois   .          Reflect  .   k - +0 helmet
rElec   .          Harm     .   (no cloak)
rCorr   .          Rampage  .   (no gloves)
Will    .....                   (no boots)
Stlth   ..........              (no amulet)
HPRegen 0.35/turn               (no ring)
MPRegen 0.10/turn               (no ring)

@: marked, healing quickly
A: alive, fangs 3, see invisible, vampiric 2
a: Exsanguinate


You were in an ossuary.
You visited 1 branch of the dungeon, and saw 4 of its levels.
You also visited: Ossuary.

You collected 246 gold pieces.

Inventory:

Hand Weapons
 a - a +1 rapier (weapon)
Missiles
 d - 3 throwing nets (quivered)
 e - a javelin
Armour
 b - a +0 leather armour
 c - a +0 helmet
 k - a +0 helmet (worn)
 m - a +0 plate armour (worn)
Jewellery
 i - a ring of positive energy
Scrolls
 f - a scroll of enchant weapon
 g - 2 scrolls of immolation
 l - 2 scrolls of teleportation
 p - a scroll of poison
 r - a scroll of identify
Potions
 j - 2 potions of curing
 q - a potion of brilliance
 s - a potion of mutation
 t - a potion of invisibility


   Skills:
 + Level 3.1 Fighting
 + Level 5.4 Short Blades
 + Level 1.7 Throwing
 + Level 2.0 Armour
 + Level 3.7 Dodging
 + Level 2.6 Stealth


You had 5 spell levels left.
You didn't know any spells.
Your spell library contained the following spells:

 Spells                   Type           Power      Damage    Failure   Level
 Ignite Poison            Fire/Tmut/Pois 0%         N/A       100%        3
 Mephitic Cloud           Conj/Pois/Air  0%         N/A       100%        3
 Freezing Cloud           Conj/Ice/Air   0%         6-21      100%        5


Dungeon Overview and Level Annotations

Branches:
Dungeon (4/15)            Ossuary (1/1)
 Temple: D:4-7

Altars:
Xom


Innate Abilities, Weirdness & Mutations

Your natural rate of healing is accelerated.
You have razor-sharp teeth.
You have supernaturally acute eyesight. (SInv)
You are afflicted with vampirism and can become a bat while bloodless.


Message History

The kobold zombie is almost destroyed.
The kobold zombie hits you but does no damage.
The mummy hits you but does no damage.
You feel better.
The kobold zombie hits you but does no damage.
You hit the mummy but do no damage. Your bite misses the mummy.
The kobold zombie sets off the alarm!
The alarm trap emits a blaring wail!
A sentinel's mark forms upon you.
You hit the mummy but do no damage. You bite the mummy.
The mummy is lightly damaged.
The kobold zombie hits you but does no damage.
The mummy closely misses you.
You barely miss the mummy.
The mummy is lightly damaged.
The kobold zombie barely misses you. The mummy hits you but does no damage.
You hit the mummy but do no damage.
The mummy is lightly damaged.
The kobold zombie barely misses you.
You hit the mummy.
The mummy is moderately damaged.
The mummy hits you but does no damage.
You hit the mummy but do no damage.
The mummy is moderately damaged.
The kobold zombie barely misses you.
You hit the mummy.
The mummy is heavily damaged.
The mummy hits you but does no damage.
The kobold zombie hits you but does no damage.
You hit the mummy.
The mummy is heavily damaged.
You hit the mummy.
The mummy is almost destroyed.
The kobold zombie hits you but does no damage.
The mummy hits you!
* * * LOW HITPOINT WARNING * * *
You hit the mummy but do no damage.
The mummy is almost destroyed.
The kobold zombie barely misses you. The mummy hits you!
You die...

######################
#....................#
#....................#
#........8..8........#
#....................#
#...######.^######...#
#...# #@^# #...# #...#
#MZ# #...#
#...#Z####ZZ####.#...#
#...#ZZZ.........#...#
#...#Z####.......#...#
#...# #.......#...#
#...# #.......#...#
#...# #.∩.....#...#
#...# ....+####...#


You could see a mummy and 3 kobold zombies.

Vanquished Creatures
  A centaur zombie (Ossuary)
  2 human zombies (Ossuary)
  A hound (D:3)
  An orc priest (D:3)
  2 mummies
  5 adders
  A worm (D:2)
  A dart slug (D:2)
  4 orcs (D:3)
  6 endoplasms
  3 giant cockroaches
  8 goblins
  4 hobgoblins
  4 quokkas
  2 ball pythons (D:3)
  7 bats
  2 goblin zombies (Ossuary)
  11 hobgoblin zombies (Ossuary)
  A jackal zombie (Ossuary)
  4 kobolds
  8 kobold zombies (Ossuary)
  6 orc zombies (Ossuary)
  4 rats
  A rat zombie (Ossuary)
89 creatures vanquished.

Vanquished Creatures (others)
  5 toadstools (D:1)
5 creatures vanquished.

Grand Total: 94 creatures vanquished

Notes
Turn   | Place    | Note
-------+----------+-------------------------------------------
     0 | D:1      | SensoryNuts the Vampire Gladiator began the quest for the
                  | Orb.
     0 | D:1      | Reached XP level 1. HP: 16/16 MP: 1/1
    98 | D:1      | Found a faded altar of an unknown god.
   397 | D:1      | Reached skill level 1 in Stealth
   397 | D:1      | Reached XP level 2. HP: 22/22 MP: 2/2
  1086 | D:2      | Gained mutation: You are afflicted with vampirism and can
                  | become a bat while bloodless. [Vampire growth]
  1086 | D:2      | Reached XP level 3. HP: 23/27 MP: 3/3
  1711 | D:3      | Reached XP level 4. HP: 34/34 MP: 4/4
  1779 | D:3      | Noticed an angel
  1780 | D:3      | Found a shimmering altar of Xom.
  1804 | D:3      | Reached skill level 4 in Short Blades
  1804 | D:3      | Reached skill level 1 in Armour
  1991 | D:3      | Reached XP level 5. HP: 15/39 MP: 5/5
  2901 | D:4      | Found a sand-covered staircase.
  2911 | Ossuary  | Entered an ossuary
  3062 | Ossuary  | Reached skill level 5 in Short Blades
  3101 | Ossuary  | Reached XP level 6. HP: 20/46 MP: 6/6
  3153 | Ossuary  | Slain by a mummy

Illustrated notes

Levels and vault maps discovered:
D:1:      minmay_arrival_doors, layout_loops_ring,
          hellmonk_ecumenical_altar_pennies_from_heaven,
          minmay_gold_behind_fungi, grunt_decor_fettered
D:2:      layout_basic, minmay_pentomino_z4
D:3:      layout_loops_corners, grunt_temple_overflow_order_and_chaos_1,
          minmay_ruptured
D:4:      layout_layer_cave, minmay_temple_entry_antechambers,
          gammafunk_ghost_abyssal_escape, gup_ossuary_entry_pyramid,
          hangedman_decor_diamond_cutter
Ossuary:  ossuary_tomb_1

Skill      XL: |  1  2  3  4  5  6 |
---------------+-------------------+-----
Fighting       | 2 3 |  3.1
Stealth        | 1 2 |  2.6
Short Blades   | 4 5 |  5.4
Armour         | 1 2 |  2.0
Throwing       | |  1.7
Dodging        | |  3.7

Action                   |  1- 3 |  4- 6 || total
-------------------------+-------+-------++-------
Melee: Rapier            |    95 |   223 ||   318
       Bite              |     3 |    30 ||    33
       Punch             |     1 |     1 ||     2
  Use: Scroll            |     5 |     4 ||     9
       Potion            |     3 |     6 ||     9
 Stab: Sleeping          |     3 |       ||     3
       Invisible         |     1 |       ||     1
Armor: Leather armour    |    10 |       ||    10
       Plate armour      |    49 |   125 ||   174
Dodge: Dodged            |    34 |    49 ||    83

Table legend: (Time is in decaauts)
 A = Elapsed time spent in this place.
 B = Non-inter-level travel time spent in this place.
 C = Inter-level travel time spent in this place.
 D = Time resting spent in this place.
 E = Time spent auto-exploring this place.
 F = Levels seen in this place.
 G = Mean time per level.
                   A        B        C        D        E       F      G
               +--------+--------+--------+--------+--------+-----+--------+
         Total |   3102 |   2888 |    214 |      0 |   2253 |   5 |  620.4 |
       Dungeon |   2894 |   2680 |    214 |      0 |   2215 |   4 |  723.5 |
       Ossuary |    208 |    208 |      0 |      0 |     38 |   1 |  208.0 |
               +--------+--------+--------+--------+--------+-----+--------+

Top non-repeatable levels by time:
     D:3: 1144 daAuts
     D:2: 922 daAuts
     D:1: 720 daAuts
 Ossuary: 208 daAuts
     D:4: 107 daAuts
